 Dungeon Crawl Stone Soup version 0.29-a0-892-g2c4c91d9db (webtiles) character file.

Game seed: 18133818571595105183

42632 reriks the Frost Mage (level 14, -4/84 (85) HPs)
             Began as a Barachi Ice Elementalist on July 21, 2022.
             Was an Elder of Vehumet.
             Slain by Donald
             ... wielding a +0 broad axe
              (25 damage)
             ... on level 2 of the Orcish Mines on July 22, 2022.
             The game lasted 01:20:26 (35608 turns).

reriks the Frost Mage (Barachi Ice Elementalist)   Turns: 35608, Time: 01:20:26

HP:   -4/84 (85)    AC: 22    Str:  8    XL:     14   Next: 20%
MP:   3/29          EV: 17    Int: 21    God:    Vehumet [****..]
Gold: 2039          SH:  0    Dex: 13    Spells: 13/36 levels left

rFire   + . .      SeeInvis .   q - +7 mace "Qeofu" {vorpal, rC+ rCorr}
rCold   + + .      Faith    .   (no shield)
rNeg    + . .      Spirit   .   c - +1 robe {rC+}
rPois   +          Reflect  .   (no helmet)
rElec   .          Harm     .   f - +2 ratskin cloak {*Rats rPois rN+ Str-1 Int-1 Dex+1}
rCorr   +          Rampage  .   d - +1 pair of gloves
Will    +....                   u - +0 pair of boots
Stlth   ++........              (no amulet)
HPRegen 0.24/turn               t - ring of wizardry
MPRegen 0.21/turn               z - ring of protection from fire

@: ice-armoured, lightly drained, slow
A: amphibious, slowness 1, strong legs 2, +LOS
a: Hop, Renounce Religion


You were on level 2 of the Orcish Mines.
You worshipped Vehumet.
Vehumet was greatly pleased with you.
You visited 4 branches of the dungeon, and saw 20 of its levels.

You collected 2039 gold pieces.

Inventory:

Hand Weapons
 q - the +7 mace "Qeofu" (weapon) {vorpal, rC+ rCorr}
   (You found it on level 4 of the Dungeon)

   It inflicts extra damage upon your enemies.
   rC:        It protects you from cold.
   rCorr:     It protects you from acid and corrosion.
 Y - a +2 trident of venom
Missiles
 P - a throwing net
Armour
 a - a +0 robe
 c - a +1 robe of cold resistance (worn)
 d - a +1 pair of gloves (worn)
 f - the +2 ratskin cloak (worn) {*Rats rPois rN+ Str-1 Int-1 Dex+1}
   (You acquired it on level 8 of the Dungeon)

   When the wearer is hurt, rats may emerge from it to assist them.
   Str:       It affects your strength (-1).
   Int:       It affects your intelligence (-1).
   Dex:       It affects your dexterity (+1).
   rPois:     It protects you from poison.
   rN:        It protects you from negative energy.
 u - a +0 pair of boots (worn)
Magical Staves
 Q - a staff of air
Jewellery
 t - a ring of wizardry (left hand)
 w - a ring of flight
 z - a ring of protection from fire (right hand)
 C - a +6 ring of dexterity
 G - a ring of poison resistance
 J - a +6 ring of dexterity
 N - a +6 ring of strength
 X - the ring of Bessujit {Will+ Str+4 Int-5}
   (You found it on level 9 of the Dungeon)

   [ring of willpower]

   Str:       It affects your strength (+4).
   Int:       It affects your intelligence (-5).
   Will:      It increases your willpower.
Wands
 p - a wand of acid (6)
 K - a wand of mindburst (17)
 R - a wand of flame (17)
 U - a wand of iceblast (6)
Scrolls
 k - 6 scrolls of fear
 l - 5 scrolls of immolation
 m - 4 scrolls of magic mapping
 r - 6 scrolls of teleportation
 y - 2 scrolls of blinking
 B - 5 scrolls of identify
 E - a scroll of enchant armour
 F - 2 scrolls of enchant weapon
 H - a scroll of butterflies
 I - 2 scrolls of poison
 T - a scroll of vulnerability {unknown}
Potions
 b - 2 potions of magic
 g - 3 potions of curing
 j - 3 potions of degeneration
 n - a potion of might
 o - 5 potions of heal wounds
 s - 3 potions of brilliance
 v - a potion of flight
 x - 2 potions of attraction
 A - a potion of resistance {unknown}
 D - a potion of mutation {unknown}
 L - a potion of lignification
 M - 4 potions of haste {unknown}
 O - 2 potions of berserk rage {unknown}
 S - a potion of invisibility {unknown}
Miscellaneous
 W - a piece from Xom's chessboard (15/15)


   Skills:
 + Level 12.9 Armour
 + Level 12.5 Dodging
 - Level 3.2 Stealth
 + Level 11.6 Spellcasting
 + Level 10.3 Conjurations
 + Level 14.2 Ice Magic
 + Level 2.3 Poison Magic


You had 13 spell levels left.
You knew the following spells:

 Your Spells              Type           Power      Damage    Failure   Level
a - Freeze                Ice            100%       1d11      0%          1
b - Frozen Ramparts       Ice            100%       1d12      1%          3
c - Ozocubu's Armour      Ice            64%        N/A       1%          3
d - Ensorcelled Hibernat  Hex/Ice        84%        N/A       1%          2
e - Hailstorm             Conj/Ice       59%        3d13      1%          4
f - Swiftness             Air            12%        N/A       6%          3
g - Magic Dart            Conj           100%       1d8       1%          1
h - Passwall              Tmut/Erth      10%        N/A       3%          2
i - Olgreb's Toxic Radia  Pois           22%        N/A       2%          4

Your spell library contained the following spells:

 Spells                   Type           Power      Damage    Failure   Level
 Fulminant Prism          Conj/Hex       17%        3d11      1%          4
 Sandblast                Erth           24%        2d8       1%          1
 Ignite Poison            Fire/Tmut/Pois 15%        N/A       1%          3
 Stone Arrow              Conj/Erth      68%        3d11      1%          3
 Apportation              Tloc           24%        N/A       2%          1
 Necrotise                Necr           48%        1d6       2%          1
 Summon Small Mammal      Summ           48%        N/A       2%          1
 Irradiate                Conj/Tmut      17%        3d17      2%          5
 Sublimation of Blood     Necr           12%        N/A       3%          2
 Corpse Rot               Necr/Pois/Air  15%        N/A       16%         4
 Passage of Golubria      Tloc           12%        N/A       21%         4
 Petrify                  Tmut/Erth      12%        N/A       21%         4
 Summon Lightning Spire   Summ/Air       12%        N/A       21%         4
 Silence                  Hex/Air        6%         N/A       50%         5
 Lehudib's Crystal Spear  Conj/Erth      17%        10d5      96%         8
 Storm Form               Tmut/Air       6%         N/A       100%        7
 Maxwell's Capacitive Co  Air            6%         ∞         100%        8


Dungeon Overview and Level Annotations

Branches:
Dungeon (12/15)            Temple (1/1) D:7            Lair (5/5) D:8
 Shoals (0/4) Lair:3       Spider (0/4) Lair:2        Slime (0/5) Lair:4
    Orc (2/2) D:11            Elf (0/3) Orc:2

Altars:
Ashenzari
Cheibriados
Dithmenos
Elyvilon
Fedhas
Gozag
Hepliaklqana
Kikubaaqudgha
Makhleb
Nemelex Xobeh
Okawaru
Qazlal
Ru
Sif Muna
Trog
Uskayaw
Vehumet
Wu Jian
Xom
Yredelemnul
Zin
The Shining One
Jiyva

Shops:
D:1 (   D:4 *   D:7 [

Portals:
Trove: D:10 (give +5 ice dragon scales)

Annotations:
D:10 1 runed translucent door, turdburglar's ghost, journeyman HOMo
D:11 Josephine
Temple 2 transporters
Lair:1 Amaemon
Orc:2 Donald


Innate Abilities, Weirdness & Mutations

You are amphibious.
You cover ground slowly.
You can hop long distances.
You have an extended range of vision and can be seen from far away.


Message History

Aim: Donald, wielding a +0 broad axe, wearing a +0 chain mail of cold resistance and wearing a +0 kite shield of reflection (severely wounded, fast, strong, extremely poisoned, reflecting blocked projectiles)
You freeze Donald but do no damage.
Donald completely resists.
Donald resists.
The wall freezes Donald.
Donald misses you.
Donald resists.
The wall freezes Donald.
Donald hits you with a +0 broad axe!
Casting: Freeze (safe; 0% risk of failure)
Confirm with . or Enter, or press ? or * to list all spells.
Aiming: Freeze (safe; 0% risk of failure)
Press: ? - help, Shift-Dir - straight line, f/p - Donald
Aim: Donald, wielding a +0 broad axe, wearing a +0 chain mail of cold resistance and wearing a +0 kite shield of reflection (severely wounded, fast, strong, very poisoned, reflecting blocked projectiles)
You freeze Donald.
Donald resists.
Donald is severely wounded.
Donald resists.
The wall freezes Donald.
Donald barely misses you.
Donald resists.
The wall freezes Donald.
Donald misses you.
The wall freezes Donald but does no damage.
Donald closely misses you.
Donald resists.
The wall freezes Donald.
Donald says, "What's the point of conjuring, anyway?"
Donald hits you with a +0 broad axe!
Donald resists.
The wall freezes Donald.
Donald misses you.
Donald resists.
The wall freezes Donald.
Donald hits you with a +0 broad axe!!
* * * LOW HITPOINT WARNING * * *
Casting: Freeze (safe; 0% risk of failure)
Confirm with . or Enter, or press ? or * to list all spells.
Aiming: Freeze (safe; 0% risk of failure)
Press: ? - help, Shift-Dir - straight line, f/p - Donald
Aim: Donald, wielding a +0 broad axe, wearing a +0 chain mail of cold resistance and wearing a +0 kite shield of reflection (almost dead, fast, strong, very poisoned, reflecting blocked projectiles)
You freeze Donald.
Donald resists.
Donald is almost dead.
The wall freezes Donald but does no damage.
Donald closely misses you.
Casting: Freeze (safe; 0% risk of failure)
Confirm with . or Enter, or press ? or * to list all spells.
Aiming: Freeze (safe; 0% risk of failure)
Press: ? - help, Shift-Dir - straight line, f/p - Donald
Aim: Donald, wielding a +0 broad axe, wearing a +0 chain mail of cold resistance and wearing a +0 kite shield of reflection (almost dead, fast, strong, very poisoned, reflecting blocked projectiles)
You freeze Donald.
Donald resists.
Donald is almost dead.
The frozen ramparts melt away.
Donald hits you but does no damage. Donald hits you with a +0 broad axe!!
You die...

...............#....##.## *
..........)....##.......# *
......#...)#....##..##.##
......#...#)........#### ###
...................## ######.##
#................#.## ##.#.#...$
##............[.)...# #.........
...#...........[...## ##......)..
.......#.#.....#@### #...#....$.
...#....##......@.######......$..
..####.####......)##.##..[.).).#.
...##### ##.......).)[..).##.##..
....#### #........#)..#.###...##.
.....#.####....^####.####*##..#,#
#........####.### ### **,#...,,
#.........##...* *,,...#.*
.......#.####.## **,#.####


You could see Donald (fast, strong, very poisoned, reflecting).

Vanquished Creatures
  4 hydras
  3 boulder beetles
  4 two-headed ogres
  The ghost of wrshamilton the Slicer, a journeyman HuBe of Trog (D:9)
  An ogre mage (D:8)
  A death yak (Lair:2)
  The ghost of Kazon the Ruffian, a novice TrBe of Trog (D:9)
  2 orc knights
  2 lindwurms (Lair:2)
  3 orc sorcerers
  An ugly thing (D:11)
  A cyclops (D:10)
  8 elephants (Lair:1)
  6 black mambas
  A torpor snail (Lair:3)
  A merfolk siren (Lair:3)
  5 cane toads
  2 rime drakes
  8 komodo dragons
  6 trolls
  2 polar bears
  A blink frog (Lair:4)
  A wraith (D:11)
  A vampire (D:9)
  A shadow (D:9)
  4 culicivoras (Lair:2)
  10 wyverns
  2 fire elementals (Lair:4)
  3 basilisks
  24 yaks
  A vampire mosquito (D:11)
  3 wargs
  An acid dragon (D:11)
  10 water moccasins
  28 orc warriors
  3 black bears
  An ice beast (D:6)
  2 sky beasts
  6 ogres
  A centaur (D:9)
  8 wolves (Lair:3)
  A phantom (D:6)
  14 bullfrogs
  3 kobold brigands
  2 necrophages (D:6)
  3 gnoll sergeants
  4 scorpions
  A howler monkey (D:6)
  5 electric eels
  A lava snake (Lair:2)
  3 hounds
  3 jellies (D:5)
  12 orc priests
  3 gnoll boudas
  7 iguanas
  25 orc wizards
  30 gnolls
  6 adders
  2 shadow imps
  A worm (D:4)
  78 orcs
  4 ball pythons
  3 bats
  7 endoplasms
  2 giant cockroaches
  6 goblins
  4 hobgoblins
  4 jackals (D:1)
  21 kobolds
  9 quokkas
  4 frilled lizards
  8 rats
450 creatures vanquished.

Vanquished Creatures (collateral kills)
  A boulder beetle (Lair:2)
  Erica (D:8)
  2 elephants (Lair:1)
  3 yaks
  A bullfrog (D:8)
  A gnoll (D:2)
9 creatures vanquished.

Vanquished Creatures (others)
  An orc priest (D:11)
  26 fungi
  31 plants
  6 withered plants (D:9)
64 creatures vanquished.

Grand Total: 523 creatures vanquished

Notes
Turn   | Place    | Note
-------+----------+-------------------------------------------
     0 | D:1      | reriks the Barachi Ice Elementalist began the quest for the
                  | Orb.
     0 | D:1      | Reached XP level 1. HP: 13/13 MP: 3/3
   271 | D:1      | Reached XP level 2. HP: 15/19 MP: 3/5
   376 | D:1      | Reached skill level 5 in Ice Magic
   852 | D:1      | Found Zeroanod's Antique Weapon Boutique.
  1055 | D:1      | Reached XP level 3. HP: 14/24 MP: 1/6
  1174 | D:1      | Learned a level 3 spell: Frozen Ramparts
  1596 | D:1      | Found a faded altar of an unknown god.
  1754 | D:2      | Reached XP level 4. HP: 8/30 MP: 2/8
  3048 | D:3      | Noticed a black bear
  3150 | D:3      | Killed a black bear
  3151 | D:3      | Reached XP level 5. HP: 24/35 MP: 0/10
  4492 | D:4      | Reached XP level 6. HP: 32/41 MP: 5/11
  4828 | D:4      | Reached skill level 6 in Ice Magic
  5525 | D:4      | Reached skill level 1 in Armour
  6078 | D:4      | Found Cemir's General Store.
  6146 | D:4      | Identified the +7 mace "Qeofu" {vorpal, rC+ rCorr}
  6423 | D:5      | Entered Level 5 of the Dungeon
  6498 | D:5      | Noticed a water moccasin
  6697 | D:5      | Reached XP level 7. HP: 39/46 MP: 6/13
  6956 | D:5      | Learned a level 3 spell: Ozocubu's Armour
  6959 | D:5      | Learned a level 2 spell: Ensorcelled Hibernation
  7921 | D:5      | Found a shimmering altar of Xom.
  7944 | D:5      | Reached skill level 5 in Dodging
  8104 | D:5      | Reached skill level 7 in Ice Magic
  8798 | D:6      | Reached XP level 8. HP: 52/52 MP: 10/15
  8852 | D:6      | Reached skill level 5 in Spellcasting
 10375 | D:6      | Reached skill level 5 in Armour
 10375 | D:6      | Reached skill level 8 in Ice Magic
 11202 | D:7      | Reached XP level 9. HP: 35/57 MP: 8/17
 11319 | D:6      | Learned a level 4 spell: Hailstorm
 11323 | D:6      | Learned a level 3 spell: Swiftness
 11372 | D:7      | Found a staircase to the Ecumenical Temple.
 11415 | Temple   | Entered the Ecumenical Temple
 11415 | Temple   | Found a transporter.
 11415 | Temple   | Found a transporter.
 11416 | Temple   | Found a transporter.
 11416 | Temple   | Found a transporter.
 11433 | Temple   | Became a worshipper of Vehumet
 12441 | D:7      | Reached * piety under Vehumet
 12441 | D:7      | Offered knowledge of Magic Dart by Vehumet.
 12566 | D:7      | Found Tarphoap's Armour Emporium.
 12812 | D:7      | Learned a level 1 spell: Magic Dart
 12849 | D:8      | Reached skill level 9 in Ice Magic
 12855 | D:8      | Reached skill level 1 in Conjurations
 13560 | D:8      | Noticed an ogre mage
 13568 | D:8      | Identified a scroll of acquirement
 13568 | D:8      | Acquired the +2 ratskin cloak {*Rats rPois rN+ Str-1 Int-1
                  | Dex+1}
 13568 | D:8      | Found the +2 ratskin cloak {*Rats rPois rN+ Str-1 Int-1
                  | Dex+1}
 13736 | D:8      | Noticed Erica
 13753 | D:8      | Killed Erica
 13754 | D:8      | Reached XP level 10. HP: 31/63 MP: 7/21
 14047 | D:8      | Paralysed by an ogre mage for 3 turns
 14121 | D:8      | Killed an ogre mage
 14393 | D:8      | Found a staircase to the Lair.
 14410 | D:8      | Reached skill level 10 in Ice Magic
 14825 | Lair:1   | Entered Level 1 of the Lair of Beasts
 14844 | Lair:1   | Noticed a cane toad
 14854 | Lair:1   | Killed a cane toad
 15014 | Lair:1   | Noticed an elephant
 15639 | D:9      | Noticed a two-headed ogre
 15657 | D:9      | Killed a two-headed ogre
 15691 | D:9      | Found a runed translucent gate.
 15691 | D:9      | Found a runed translucent gate.
 15691 | D:9      | Found a runed translucent gate.
 15692 | D:9      | Noticed Kazon's ghost (novice TrBe)
 15693 | D:9      | Noticed wrshamilton's ghost (journeyman HuBe)
 16494 | D:9      | Reached XP level 11. HP: 62/68 MP: 15/23
 16830 | D:10     | Entered Level 10 of the Dungeon
 16850 | D:10     | Reached skill level 5 in Conjurations
 16968 | D:10     | Found a runed translucent door.
 17331 | D:10     | Found a portal to a secret trove of treasure.
 17349 | D:10     | Noticed a cyclops
 17526 | Lair:1   | Found a hazy altar of Hepliaklqana.
 17968 | Lair:1   | Reached skill level 11 in Ice Magic
 17971 | Lair:1   | HP: 1/68 [elephant (13)]
 17971 | Lair:1   | Offered knowledge of Sandblast by Vehumet.
 18937 | Lair:1   | Noticed Amaemon
 20008 | Lair:2   | Reached skill level 10 in Dodging
 20329 | Lair:2   | Reached skill level 10 in Armour
 20479 | Lair:2   | Reached XP level 12. HP: 65/74 MP: 17/25
 20664 | Lair:2   | Noticed a boulder beetle
 20683 | Lair:2   | Killed a boulder beetle
 20684 | Lair:2   | Reached skill level 12 in Ice Magic
 20990 | Lair:2   | Found a sparkling altar of Nemelex Xobeh.
 21004 | Lair:2   | Identified the +3 war axe of Dishonour {distort, rF+}
 21442 | Lair:2   | Found a hole to the Spider Nest.
 21521 | Lair:2   | Reached ** piety under Vehumet
 21978 | Lair:2   | Noticed a death yak
 22075 | Lair:2   | Learned a level 2 spell: Passwall
 22131 | Lair:2   | Reached skill level 10 in Spellcasting
 22180 | Lair:2   | Killed a death yak
 22279 | Lair:2   | Noticed a six-headed hydra
 22395 | Lair:2   | Killed a six-headed hydra
 22534 | Lair:2   | Noticed a five-headed hydra
 22547 | Lair:2   | Killed a five-headed hydra
 23760 | Lair:3   | Gained mutation: You can hop long distances. [Barachi
                  | growth]
 23760 | Lair:3   | Reached XP level 13. HP: 64/79 MP: 25/27
 24506 | Lair:3   | Found a staircase to the Shoals.
 24518 | Lair:3   | Reached skill level 13 in Ice Magic
 25863 | Lair:4   | Found a viscous altar of Jiyva.
 25864 | Lair:4   | Found a staircase to the Slime Pits.
 26671 | Lair:5   | Entered Level 5 of the Lair of Beasts
 27297 | D:10     | Identified the +11 spear "Meqom" {protect, rPois MP+9
                  | Int+2}
 27298 | D:10     | Noticed turdburglar's ghost (journeyman HOMo)
 27562 | D:10     | Offered knowledge of Searing Ray by Vehumet.
 27608 | D:10     | Found a sacrificial altar of Ru.
 27610 | D:10     | Found a bloodstained altar of Trog.
 28266 | D:9      | Killed Kazon's ghost
 28438 | D:9      | Killed wrshamilton's ghost
 28623 | D:9      | Identified the ring of Bessujit {Will+ Str+4 Int-5}
 28758 | D:11     | Reached *** piety under Vehumet
 28985 | D:11     | Noticed Josephine
 29946 | D:11     | Offered knowledge of Olgreb's Toxic Radiance by Vehumet.
 30003 | D:11     | Learned a level 4 spell: Olgreb's Toxic Radiance
 30574 | D:11     | Acquired Qitiacu's Incunable of the Stinger and Terra Firma
 30805 | D:11     | Found a staircase to the Orcish Mines.
 30924 | D:11     | Reached skill level 10 in Conjurations
 30948 | Orc:1    | Entered Level 1 of the Orcish Mines
 31549 | Orc:1    | You fall into a shaft and drop 1 floor!
 31549 | Orc:2    | Entered Level 2 of the Orcish Mines
 31726 | Orc:1    | Reached **** piety under Vehumet
 31898 | Orc:1    | Offered knowledge of Fulminant Prism by Vehumet.
 31910 | Orc:1    | Reached skill level 14 in Ice Magic
 31910 | Orc:1    | Reached XP level 14. HP: 85/85 MP: 15/29
 31913 | Orc:1    | Reached skill level 1 in Poison Magic
 33425 | Orc:2    | Found a staircase to the Elven Halls.
 34216 | Orc:2    | Noticed Donald
 34218 | Orc:2    | Upgraded the game from 0.29-a0-887-gcbe080d7e0 to
                  | 0.29-a0-892-g2c4c91d9db
 35325 | Orc:2    | Paralysed by an orc sorcerer for 5 turns
 35608 | Orc:2    | Slain by Donald

Illustrated notes

Levels and vault maps discovered:
D:1:      lemuel_arrival_behind_the_door_large, layout_basic, serial_shops,
          nicolae_shop_crystal, hellmonk_ecumenical_altar_lost_god,
          minmay_tromino_v4_c
D:2:      layout_basic, minivault_19, minmay_misc_feat_doors,
          minmay_misc_feat_ornament
D:3:      layout_basic
D:4:      layout_loops_ring, serial_shops, nicolae_shop_waterfront
D:5:      layout_gridville, dk_xom_monty_hall
D:6:      layout_gridville
D:7:      layout_basic, minmay_temple_entry_stoned_glass, serial_shops,
          nicolae_shop_trees
D:8:      layout_cave_pools, david_lair_shrubbed, kennysheep_island_fort,
          uniq_erica
D:9:      layout_basic, gammafunk_ghost_cemetery
D:10:     layout_roguey, minitemple, enter_trove_3, ebering_ghost_funeral_grove,
          hex_intersection, kennysheep_generic_room_11
D:11:     layout_cave_pools, erik_orc_2, st_stairs_3, uniq_josephine
D:12:     layout_cave_pods, chequers_serial_rivers_small_b
Temple:   hellmonk_temple_divided_pantheon
Lair:1:   layout_long_grid, basic_altar, uniq_amaemon
Lair:2:   nzn_winding_woodlands_medium [nzn_winding_woodlands_5x5_perimeter,
          nzn_winding_woodlands_5x15_sidewinder,
          nzn_winding_woodlands_5x5_default, nzn_winding_woodlands_hourglass,
          nzn_winding_woodlands_center_pierced_h,
          nzn_winding_woodlands_5x5_cross, nzn_winding_woodlands_5x5_three,
          nzn_winding_woodlands_5x15_concentric,
          nzn_winding_woodlands_5x5_default], layout_gridlike,
          hellmonk_spider_entry_life_and_decay, basic_altar,
          nicolae_lair_lindhole
Lair:3:   layout_small_grid, minmay_shoals_entry_lonely_mermaid,
          grunt_megastairs_1
Lair:4:   layout_gridlike, slime_entry_1
Lair:5:   hangedman_lair_tendril_chambers, layout_cellular_growth,
          guppyfry_lair_end_dragon
Orc:1:    minmay_goldmine, layout_caves, nicolae_orc_flooded_monolith
Orc:2:    grunt_orc_cross, layout_caves, nicolae_orc_damp_corner, uniq_donald

Skill      XL: |  1  2  3  4  5  6  7  8  9 10 11 12 13 14 |
---------------+-------------------------------------------+-----
Stealth        | 2 3 |  3.2
Ice Magic      | 5 6 7 8 9 10 11 12 14 | 14.2
Dodging        | 3 4 5 6 8 10 11 12 | 12.5
Spellcasting   | 3 4 5 7 8 9 10 11 | 11.6
Armour         | 2 3 5 7 8 10 11 12 | 12.9
Conjurations   | 3 4 6 8 10 | 10.3
Poison Magic   | 2 |  2.3

Action                   |  1- 3 |  4- 6 |  7- 9 | 10-12 | 13-15 || total
-------------------------+-------+-------+-------+-------+-------++-------
Melee: Unarmed           |     7 |       |       |       |       ||     7
       Mace              |     6 |     1 |     1 |     1 |     8 ||    17
       Flail             |       |     1 |       |       |       ||     1
       Staff             |       |       |       |       |     3 ||     3
       Punch             |       |       |       |       |     1 ||     1
 Cast: Freeze            |    47 |    51 |   104 |   191 |   212 ||   605
       Frozen Ramparts   |       |    28 |    58 |    75 |    96 ||   257
       Hailstorm         |       |       |     1 |    33 |    32 ||    66
       Magic Dart        |       |       |       |    21 |    24 ||    45
       Ozocubu's Armour  |       |       |       |     5 |    10 ||    15
       Swiftness         |       |       |       |     1 |       ||     1
       Olgreb's Toxic Ra |       |       |       |       |    59 ||    59
 Abil: Hop               |       |       |       |     3 |     2 ||     5
Evoke: Wand              |       |     1 |    14 |    19 |     6 ||    40
  Use: Scroll            |     5 |     7 |     6 |     6 |     2 ||    26
       Potion            |       |       |     1 |     1 |     2 ||     4
Armor: Robe              |    11 |    10 |    11 |    57 |    69 ||   158
Dodge: Dodged            |    37 |    24 |    53 |   172 |   213 ||   499

Table legend: (Time is in decaauts)
 A = Elapsed time spent in this place.
 B = Non-inter-level travel time spent in this place.
 C = Inter-level travel time spent in this place.
 D = Time resting spent in this place.
 E = Time spent auto-exploring this place.
 F = Levels seen in this place.
 G = Mean time per level.
                   A        B        C        D        E       F      G
               +--------+--------+--------+--------+--------+-----+--------+
         Total |  37950 |  36381 |   1569 |  21086 |  10341 |  20 | 1897.5 |
       Dungeon |  22512 |  21586 |    926 |  12380 |   6475 |  12 | 1876.0 |
        Temple |     39 |     24 |     15 |      0 |      6 |   1 |   39.0 |
          Lair |  10613 |  10144 |    469 |   5849 |   2793 |   5 | 2122.6 |
  Orcish Mines |   4784 |   4626 |    158 |   2857 |   1067 |   2 | 2392.0 |
               +--------+--------+--------+--------+--------+-----+--------+

Top non-repeatable levels by time:
  Lair:2: 3096 daAuts
  Lair:1: 3006 daAuts
   Orc:1: 2667 daAuts
     D:6: 2658 daAuts
     D:9: 2402 daAuts
  Lair:3: 2353 daAuts
     D:5: 2337 daAuts
     D:8: 2325 daAuts
     D:4: 2270 daAuts
  Lair:4: 2151 daAuts
   Orc:2: 2117 daAuts
     D:1: 1861 daAuts
    D:11: 1813 daAuts
    D:10: 1635 daAuts
     D:7: 1576 daAuts
